 Dungeon Crawl Stone Soup version 0.28-a0-697-g47f3eba078 (webtiles) character file.

Game seed: 12161298988909571224

7938 lorenzova the Thaumaturge (level 11, 0/54 HPs)
             Began as a Deep Elf Conjurer on Oct 23, 2021.
             Was a Priest of Vehumet.
             Shot with a bolt by a yaktaur captain (54 damage)
             ... on level 9 of the Dungeon.
             The game lasted 00:24:40 (13736 turns).

lorenzova the Thaumaturge (Deep Elf Conjurer)      Turns: 13736, Time: 00:24:40

Health: 0/54       AC:  5    Str:  4    XL:     11   Next: 3%
Magic:  35/39      EV: 12    Int: 27    God:    Vehumet [***...]
Gold:   665        SH:  0    Dex: 13    Spells: 22/36 levels left

rFire   . . .      SeeInvis .   q - staff of conjuration
rCold   . . .      Faith    .   (no shield)
rNeg    . . .      Spirit   .   a - +0 robe
rPois   .          Reflect  .   A - +0 hat
rElec   .          Harm     .   (no cloak)
rCorr   .          Rampage  .   z - +2 pair of gloves
Will    +....                   (no boots)
Stlth   ++........              (no amulet)
HPRegen 0.18/turn               u - ring of magical power
MPRegen 0.26/turn               (no ring)

@: no status effects
A: no striking features
a: Renounce Religion


You were on level 9 of the Dungeon.
You worshipped Vehumet.
Vehumet was most pleased with you.
You visited 2 branches of the dungeon, and saw 10 of its levels.
You also visited: Ossuary.

You collected 665 gold pieces.

Inventory:

Hand Weapons
 i - a +2 vorpal spear
 F - the +3 trident of Prudence {flame, rF- Will+ Int+5 Dex+4}
   (You took it off a wight on level 9 of the Dungeon)

   It burns those it strikes, dealing additional fire damage.
   Int:       It affects your intelligence (+5).
   Dex:       It affects your dexterity (+4).
   rF:        It makes you vulnerable to fire.
   Will:      It increases your willpower.
Missiles
 l - 2 throwing nets
Armour
 a - a +0 robe (worn)
 y - the +1 robe "Othuh" {Harm +Blink rF-}
   (You found it on level 9 of the Dungeon)

   rF:        It makes you vulnerable to fire.
   +Blink:    It lets you blink.
   Harm:      It increases damage dealt and taken.
 z - a +2 pair of gloves (worn)
 A - a +0 hat (worn)
Magical Staves
 q - a staff of conjuration (weapon)
Jewellery
 u - a ring of magical power (left hand)
Wands
 D - a wand of flame (25)
Scrolls
 b - 2 scrolls of enchant weapon {unknown}
 c - 3 scrolls of magic mapping
 f - 4 scrolls of teleportation {unknown}
 h - 3 scrolls of immolation {unknown}
 k - 4 scrolls of blinking {unknown}
 m - 2 scrolls of amnesia {unknown}
 o - a scroll of silence {unknown}
 r - a scroll of fog {unknown}
 s - a scroll of acquirement {unknown}
 t - 4 scrolls of noise {unknown}
 w - a scroll of brand weapon {unknown}
 E - a scroll of fear {unknown}
 G - a scroll of identify
Potions
 d - 4 potions of lignification
 e - a potion of magic
 g - 6 potions of heal wounds
 j - a potion of brilliance
 n - 2 potions of attraction
 p - 4 potions of haste
 v - a potion of resistance
 x - a potion of might
 B - a potion of ambrosia
 C - a potion of mutation {unknown}


   Skills:
 - Level 2.4 Dodging
 - Level 2.4 Stealth
 * Level 13.2 Spellcasting
 * Level 11.9 Conjurations
 + Level 8.6 Hexes
 - Level 6.0 Translocations
 * Level 4.1 Fire Magic


You had 22 spell levels left.
You knew the following spells:

 Your Spells              Type           Power      Damage    Failure   Level
a - Magic Dart            Conj           100%       1d8       0%          1
b - Searing Ray           Conj           100%       2d8       1%          2
c - Iskenderun's Mystic   Conj/Tloc      78%        2d16      1%          4
d - Fulminant Prism       Conj/Hex       41%        3d20      1%          4
e - Foxfire               Conj/Fire      100%       2x1d9     1%          1
f - Scorch                Fire           78%        2d9       1%          2

Your spell library contained the following spells:

 Spells                   Type           Power      Damage    Failure   Level
 Apportation              Tloc           100%       N/A       1%          1
 Ensorcelled Hibernation  Hex/Ice        82%        N/A       1%          2
 Poisonous Vapours        Pois/Air       34%        N/A       1%          2
 Dazzling Flash           Conj/Hex       100%       N/A       1%          3
 Sting                    Tmut/Pois      68%        1d6       3%          1
 Corpse Rot               Necr/Air       34%        N/A       4%          2
 Olgreb's Toxic Radiance  Pois           17%        N/A       9%          4
 Spider Form              Tmut/Pois      8%         N/A       10%         3
 Invisibility             Hex            29%        N/A       14%         6
 Dispel Undead            Necr           17%        3d10      30%         4
 Alistair's Intoxication  Tmut/Pois      11%        N/A       65%         5
 Death Channel            Necr           8%         N/A       99%         6


Dungeon Overview and Level Annotations

Branches:
Dungeon (9/15)             Temple (1/1) D:4         Ossuary (visited)
   Lair: D:8-11         Orc: D:9-12

Altars:
Cheibriados
Dithmenos
Elyvilon
Fedhas
Kikubaaqudgha
Nemelex Xobeh
Okawaru
Qazlal
Ru
Sif Muna
Trog
Vehumet
Wu Jian
The Shining One

Annotations:
D:5 5 runed translucent doors


Message History

You see here a +0 troll leather armour.
p - 4 potions of haste (gained 1)
You now have 665 gold pieces (gained 18).
Key pressed, stopping explore.
Found 24 stones.
You see here 24 stones.
Key pressed, stopping explore.
You see here a +0 rapier.
A yaktaur captain comes into view. It is wielding a +4 antimagic war axe.
A yaktaur captain is nearby!
Press: ? - help, v - describe, . - travel
Here: a yaktaur captain, wielding a +4 antimagic war axe and quivering bolts (wandering, hasn't noticed you)
The floor.
There is a stone staircase leading up here.
Casting: Searing Ray (safe; 1% risk of failure)
Confirm with . or Enter, or press ? or * to list all spells.
Aiming: Fulminant Prism (safe; 1% risk of failure)
Press: ? - help, Dir - move target
Okay, then.
What are your orders? t - Shout!
Orders for allies: a - Attack new target. r - Retreat! s - Stop attacking. g - Guard the area. f - Follow me.
Anything else - Cancel.
You shout for attention!
You start waiting.
A yaktaur captain is nearby!
Casting: Fulminant Prism (safe; 1% risk of failure)
Confirm with . or Enter, or press ? or * to list all spells.
Aiming: Fulminant Prism (safe; 1% risk of failure)
Press: ? - help, Dir - move target You feel a surge of power!
You conjure a prism of explosive energy!
A fulminant prism comes into view.
The yaktaur captain unwields a +4 antimagic war axe.
The yaktaur captain wields a +4 arbalest.
The yaktaur captain shoots a bolt.
The bolt hits you!!!
Ouch! That really hurt!
You die...

######♣.♣#######
...............#
.♣♣♣♣♣...♣♣♣♣♣.# ♣.♣.♣
.♣♣♣♣♣...♣♣♣♣♣.#
##............c..#
.########c#########
................).#
............*...@.###
....................##
.....................#
....##...##..##.###..#
.............##.# ####
....##.......####
###..#.........##
##...#....#.....#
...###...####..##


You could see a yaktaur captain (ally target) and a friendly fulminant prism.

Vanquished Creatures
  Gastronok (D:8)
  A two-headed ogre (D:7)
  Psyche (D:9)
  2 trolls (D:9)
  A hornet (D:9)
  A slime creature (D:9)
  Prince Ribbit (D:8)
  A shadow (D:8)
  A wyvern (D:8)
  A yak (D:9)
  A steam dragon (D:9)
  Grum (D:9)
  2 orc warriors
  A black bear (D:6)
  A sky beast (D:6)
  2 ogres
  A centaur (D:9)
  2 wolves (D:9)
  2 bullfrogs
  5 elf zombies (Ossuary)
  A kobold brigand (D:7)
  2 wyvern skeletons
  A wyvern zombie (D:9)
  A scorpion (D:4)
  8 wights
  15 killer bees
  2 howler monkeys (D:9)
  A hound (D:6)
  4 centaur zombies
  4 orc priests
  3 gnoll shamans
  3 centaur skeletons
  5 human zombies (Ossuary)
  A jelly (D:5)
  A bullfrog skeleton (D:5)
  8 orc wizards
  A killer bee zombie (D:7)
  A hound zombie (D:2)
  2 hound skeletons (D:4)
  3 mummies (Ossuary)
  21 gnolls
  A howler monkey zombie (D:7)
  6 adders
  A shadow imp (D:6)
  2 ufetubi
  3 adder zombies (D:2)
  An adder skeleton (D:2)
  3 worms
  11 dart slugs
  31 orcs
  7 ball pythons
  3 bat skeletons (D:2)
  A bat zombie (D:2)
  8 endoplasms
  29 goblins
  28 hobgoblins
  4 quokkas
  A ball python skeleton (D:2)
  2 ball python zombies (D:2)
  A bat (D:3)
  8 frilled lizards
  2 jackal skeletons
  11 kobolds
  5 rats
286 creatures vanquished.

Vanquished Creatures (others)
  33 fulminant prisms
  2 plants (D:2)
  A withered plant (D:2)
36 creatures vanquished.

Grand Total: 322 creatures vanquished

Notes
Turn   | Place    | Note
-------+----------+-------------------------------------------
     0 | D:1      | lorenzova the Deep Elf Conjurer began the quest for the
                  | Orb.
     0 | D:1      | Reached XP level 1. HP: 10/10 MP: 6/6
    64 | D:1      | Found a faded altar of an unknown god.
   352 | D:1      | Reached XP level 2. HP: 15/15 MP: 5/8
   355 | D:1      | Learned a level 2 spell: Searing Ray
  1382 | D:2      | Reached skill level 4 in Spellcasting
  1385 | D:2      | Reached skill level 5 in Conjurations
  1385 | D:2      | Reached XP level 3. HP: 12/19 MP: 1/10
  2204 | D:2      | Reached XP level 4. HP: 24/24 MP: 10/12
  2633 | D:2      | Reached skill level 5 in Spellcasting
  3344 | D:3      | Reached XP level 5. HP: 28/28 MP: 12/14
  3356 | D:3      | Learned a level 4 spell: Iskenderun's Mystic Blast
  3361 | D:3      | Learned a level 4 spell: Fulminant Prism
  3623 | D:3      | Found a stormy altar of Qazlal.
  3856 | D:3      | Reached skill level 1 in Hexes
  3967 | D:3      | Reached skill level 1 in Translocations
  3972 | D:3      | Reached skill level 6 in Spellcasting
  4200 | D:3      | Reached XP level 6. HP: 32/32 MP: 9/17
  5405 | D:4      | Noticed an orc warrior
  5599 | D:4      | Reached XP level 7. HP: 26/36 MP: 11/19
  5703 | D:4      | Reached skill level 7 in Spellcasting
  6090 | D:4      | Found a staircase to the Ecumenical Temple.
  6102 | Temple   | Entered the Ecumenical Temple
  6137 | Temple   | Became a worshipper of Vehumet
  6713 | D:5      | Entered Level 5 of the Dungeon
  6750 | D:5      | Found a sand-covered staircase.
  6757 | Ossuary  | Entered an ossuary
  7229 | Ossuary  | Reached skill level 8 in Spellcasting
  7303 | Ossuary  | Reached XP level 8. HP: 35/41 MP: 15/22
  7645 | Ossuary  | Reached * piety under Vehumet
  7645 | Ossuary  | Offered knowledge of Sandblast by Vehumet.
  8563 | D:5      | Reached skill level 9 in Spellcasting
  8687 | D:5      | Found a runed translucent gate.
  8688 | D:5      | Found the +9 staff of Olgreb {rPois∞}
  8693 | D:5      | Found a runed translucent door.
  8708 | D:5      | Found a runed translucent door.
  8713 | D:5      | Found a runed translucent gate.
  8713 | D:5      | Found a runed translucent gate.
  9239 | D:6      | Reached skill level 5 in Hexes
  9407 | D:6      | Found a shadowy altar of Dithmenos.
  9814 | D:7      | Reached XP level 9. HP: 35/45 MP: 22/24
  9947 | D:7      | Found an iron altar of Okawaru.
  9947 | D:7      | Found an ornate altar of the Wu Jian Council.
  9947 | D:7      | Found a sacrificial altar of Ru.
 10009 | D:7      | Reached skill level 10 in Spellcasting
 10085 | D:7      | Noticed a two-headed ogre
 10552 | D:7      | Killed a two-headed ogre
 10553 | D:7      | Reached skill level 5 in Translocations
 10724 | D:7      | Reached skill level 10 in Conjurations
 10726 | D:7      | Reached skill level 11 in Spellcasting
 10832 | D:7      | Reached ** piety under Vehumet
 10957 | D:7      | Offered knowledge of Foxfire by Vehumet.
 11194 | D:7      | Found a shimmering blue altar of Sif Muna.
 11529 | D:8      | Noticed Gastronok
 11585 | D:8      | Noticed Prince Ribbit
 11588 | D:8      | Killed Prince Ribbit
 11750 | D:8      | Reached XP level 10. HP: 50/50 MP: 23/27
 11782 | D:8      | Killed Gastronok
 11783 | D:8      | Reached skill level 12 in Spellcasting
 11957 | D:8      | Learned a level 1 spell: Foxfire
 11972 | D:8      | Offered knowledge of Scorch by Vehumet.
 11981 | D:8      | Reached skill level 1 in Fire Magic
 12129 | D:8      | Learned a level 2 spell: Scorch
 12402 | D:9      | Noticed Psyche
 12501 | D:9      | Killed Psyche
 12725 | D:9      | Reached *** piety under Vehumet
 12778 | D:9      | Reached skill level 13 in Spellcasting
 12809 | D:9      | Noticed Grum
 12816 | D:9      | Killed Grum
 13124 | D:9      | Reached XP level 11. HP: 52/54 MP: 30/30
 13169 | D:9      | Identified the +1 robe "Othuh" {Harm +Blink rF-}
 13366 | D:9      | Identified the +3 trident of Prudence {flame, rF- Will+
                  | Int+5 Dex+4}
 13422 | D:9      | Found a glowing golden altar of the Shining One.
 13715 | D:9      | Noticed a yaktaur captain
 13736 | D:9      | Shot with a bolt by a yaktaur captain

Illustrated notes

Levels and vault maps discovered:
D:1:      amcnicky_arrival_blooded_trapdoor, layout_basic,
          hellmonk_ecumenical_altar_pennies_from_heaven, solitary_fountain
D:2:      layout_basic, serial_undead, serial_undead_f, serial_undead_a,
          serial_undead_f, serial_undead_a, serial_bayou_lagoon_a
D:3:      minmay_goblin_kobold_castle, layout_rooms,
          nicolae_overflow_hidden_temple, saegor_snake_ambush
D:4:      layout_rooms, minmay_temple_entry_glassed_door
D:5:      kennysheep_slugbush, layout_basic, nicolae_ossuary_entry_ruins,
          kennysheep_cross_bottleneck, fountainhead, corner_web_ring,
          minmay_misc_feat_tiny, minmay_guarded_unrand_staff_of_olgreb
D:6:      layout_rooms, mainiacjoe_overflow_cross_hatched
D:7:      layout_loops_corners, lemuel_crystal_altar,
          gammafunk_temple_overflow_claw
D:8:      layout_basic, chequers_serial_rivers_micro_a, minmay_crystal_room,
          uniq_prince_ribbit1, uniq_gastronok
D:9:      nzn_winding_woodlands_three_and_one
          [nzn_winding_woodlands_5x15_concentric,
          nzn_winding_woodlands_5x15_crooked, nzn_winding_woodlands_5x15_pool,
          nzn_winding_woodlands_center_diamonds], layout_cave_pools,
          amcnicky_altar_gilded, uniq_grum, uniq_psyche
Temple:   eino_temple_water

Skill      XL: |  1  2  3  4  5  6  7  8  9 10 |
---------------+-------------------------------+-----
Spellcasting   | 4 5 6 8 9 11 13 | 13.2
Conjurations   | 5 6 7 9 10 11 | 11.9
Hexes          | 1 2 3 5 7 8 |  8.6
Translocations | 1 2 3 4 5 6 |  6.0
Fire Magic     | 4 |  4.1
Dodging        | |  2.4
Stealth        | |  2.4

Action                   |  1- 3 |  4- 6 |  7- 9 | 10-12 || total
-------------------------+-------+-------+-------+-------++-------
 Cast: Magic Dart        |    87 |   131 |   110 |    25 ||   353
       Searing Ray       |       |    25 |    68 |    13 ||   106
       Fulminant Prism   |       |       |     8 |    26 ||    34
       Iskenderun's Myst |       |       |     3 |     5 ||     8
       Scorch            |       |       |       |     3 ||     3
  Use: Scroll            |     1 |     1 |     4 |     4 ||    10
Armor: Robe              |     4 |     3 |    15 |     4 ||    26
Dodge: Dodged            |    11 |    24 |    61 |    17 ||   113

Table legend: (Time is in decaauts)
 A = Elapsed time spent in this place.
 B = Non-inter-level travel time spent in this place.
 C = Inter-level travel time spent in this place.
 D = Time resting spent in this place.
 E = Time spent auto-exploring this place.
 F = Levels seen in this place.
 G = Mean time per level.
                   A        B        C        D        E       F      G
               +--------+--------+--------+--------+--------+-----+--------+
         Total |  13790 |  13274 |    516 |   6036 |   5379 |  11 | 1253.6 |
       Dungeon |  12742 |  12242 |    500 |   5322 |   5346 |   9 | 1415.8 |
        Temple |     52 |     36 |     16 |      0 |     21 |   1 |   52.0 |
       Ossuary |    994 |    994 |      0 |    714 |     12 |   1 |  994.0 |
               +--------+--------+--------+--------+--------+-----+--------+

Top non-repeatable levels by time:
     D:3: 2582 daAuts
     D:7: 1791 daAuts
     D:2: 1784 daAuts
     D:8: 1471 daAuts
     D:1: 1363 daAuts
     D:5: 1305 daAuts
 Ossuary: 994 daAuts
     D:4: 990 daAuts
     D:9: 863 daAuts
     D:6: 588 daAuts
  Temple: 52 daAuts
